 Dungeon Sprint DCSS version 0.27-a0-860-gaf99fae3ca (webtiles) character file.

Game seed: 14202169565033336910

7225 howech the Carver (level 11, -5/90 HPs)
             Began as a Gnoll Fire Elementalist on Apr 1, 2021.
             Was the Champion of Okawaru.
             Slain by a spriggan rider
             ... wielding a +1 quarterstaff of holy wrath
              (18 damage)
             ... in the Dungeon (Sprint V: "Ziggurat Sprint").
             The game lasted 00:07:02 (1125 turns).

howech the Carver (Gnoll Fire Elementalist)         Turns: 1125, Time: 00:07:03

Health: -5/90      AC: 23    Str:  7    XL:     11   Next: 11%
Magic:  25/25      EV:  3    Int: 18    God:    Okawaru [******]
Gold:   0          SH: 28    Dex: 13    Spells: 17/31 levels left

rFire    + + .     SeeInvis +   a - +7 Screaming Sword {vorpal, sonic wave}
rCold    x . .     Faith    .   i - +18 shield of the Gong {rElec rN+ Will+ EV-5}
rNeg     + . .     Spirit   .   b - +5 fire dragon scales
rPois    .         Reflect  .   N - +2 helmet {SInv}
rElec    +         Harm     .   (no cloak)
rCorr    .         Rampage  .   (no gloves)
Will     +....     NoTele   +   F - +2 pair of boots {Fly}
Stlth    +++.......             (no amulet)
HPRegen  0.25/turn              L - ring of wizardry
MPRegen  0.19/turn              (no ring)

@: mighty, flying, studying Long Blades
A: fangs 1, strong nose, distributed training
a: Renounce Religion, Heroism, Finesse


You were in the Dungeon.
You worshipped Okawaru.
Okawaru was exalted by your worship.
You visited 1 branch

Inventory:

Hand Weapons
 a - the +7 Screaming Sword (weapon) {vorpal, sonic wave}
   (You found it in the Dungeon)

   It inflicts extra damage upon your enemies.
 G - the +9 halberd "Ziov" {venom, Int+4 Dex+2}
   (You found it in the Dungeon)

   It poisons the flesh of those it strikes.
   It affects your intelligence (+4).
   It affects your dexterity (+2).
 I - the +8 rapier of Offence {freeze, rPois Int+3}
   (You found it in the Dungeon)

   It has been specially enchanted to freeze those struck by it, causing extra
   injury to most foes and up to half again as much damage against particularly
   susceptible opponents.
   It can also slow down cold-blooded creatures.
   It affects your intelligence (+3).
   It protects you from poison.
 P - the +10 morningstar "Eos" {elec, Halo rElec}
   (You found it in the Dungeon)

   Occasionally, upon striking a foe, it can discharge electrical energy and
   cause terrible harm.
   It insulates you from electricity.
Armour
 b - +5 fire dragon scales (worn)
 i - the +18 shield of the Gong (worn) {rElec rN+ Will+ EV-5}
   (You found it in the Dungeon)

   It affects your evasion (-5).
   It insulates you from electricity.
   It protects you from negative energy.
   It increases your willpower.
 F - a +2 pair of boots of flying (worn)
 N - a +2 helmet of see invisible (worn)
 O - the -2 hat of the Alchemist {rElec rPois rF+ rC+ rN+ Will+ rMut rCorr}
   (You found it in the Dungeon)

   It protects you from fire.
   It protects you from cold.
   It insulates you from electricity.
   It protects you from poison.
   It protects you from negative energy.
   It protects you from acid and corrosion.
   It protects you from mutation.
   It increases your willpower.
Magical Staves
 K - a staff of air
Jewellery
 k - a ring of flight
 l - a +6 ring of dexterity
 m - a +6 ring of dexterity
 n - a +6 ring of intelligence
 o - a +6 ring of intelligence
 p - a +6 ring of strength
 q - a +6 ring of strength
 H - an amulet of the acrobat
 J - the ring "Bor Jak" {Will+ Str+6}
   (You found it in the Dungeon)

   [ring of willpower]

   It affects your strength (+6).
   It increases your willpower.
 L - a ring of wizardry (left hand)
 M - a ring of magical power
Wands
 r - a wand of mindburst (7)
 s - a wand of iceblast (7)
 t - a wand of acid (7)
Scrolls
 h - 4 scrolls of blinking
 y - 4 scrolls of amnesia
 A - 7 scrolls of fog
 B - a scroll of holy word
 C - 5 scrolls of identify
 D - 2 scrolls of fear
 E - 4 scrolls of enchant weapon
Potions
 c - 9 potions of curing
 d - 6 potions of heal wounds
 e - 6 potions of haste
 f - 7 potions of magic
 g - 2 potions of berserk rage
 u - 2 potions of brilliance
 w - 4 potions of resistance
 x - a potion of experience
 z - 4 potions of might
Miscellaneous
 j - a lightning rod (4/4)
 v - a lightning rod (4/4)


   Skills:
 + Level 9.8 Fighting
 + Level 9.8 Short Blades
 + Level 12.3 Long Blades
 + Level 9.8 Axes
 + Level 9.8 Maces & Flails
 + Level 9.8 Polearms
 + Level 9.8 Staves
 + Level 9.8 Slings
 + Level 9.8 Bows
 + Level 9.8 Crossbows
 + Level 9.8 Throwing
 + Level 9.8 Armour
 + Level 10.8 Dodging
 + Level 10.6 Stealth
 + Level 9.8 Shields
 + Level 9.8 Unarmed Combat
 + Level 10.9 Spellcasting
 + Level 8.5 Conjurations
 + Level 8.2 Hexes
 + Level 8.2 Summonings
 + Level 8.2 Necromancy
 + Level 8.2 Translocations
 + Level 8.2 Transmutations
 + Level 9.9 Fire Magic
 + Level 8.2 Ice Magic
 + Level 8.2 Air Magic
 + Level 8.2 Earth Magic
 + Level 8.2 Poison Magic
 + Level 10.6 Invocations
 + Level 9.8 Evocations


You had 17 spell levels left.
You knew the following spells:

 Your Spells              Type           Power      Damage    Failure   Level
a - Foxfire               Conj/Fire      100%       2x1d9     1%          1
b - Fireball              Conj/Fire      21%        3d10      36%         5
c - Ignition              Fire           22%        3d8       100%        8

Your spell library contained the following spells:

 Spells                   Type           Power      Damage    Failure   Level
 Magic Dart               Conj           100%       1d8       1%          1
 Animate Skeleton         Necr           78%        N/A       2%          1
 Apportation              Tloc           78%        N/A       2%          1
 Corona                   Hex            43%        N/A       2%          1
 Summon Small Mammal      Summ           100%       N/A       2%          1
 Searing Ray              Conj           80%        3d6       2%          2
 Blink                    Tloc           N/A        N/A       3%          2
 Conjure Flame            Conj/Fire      43%        6-21      4%          3
 Inner Flame              Hex/Fire       42%        N/A       4%          3
 Ignite Poison            Fire/Tmut/Pois 41%        N/A       5%          3
 Confusing Touch          Hex            39%        N/A       6%          3
 Dazzling Flash           Conj/Hex       80%        N/A       6%          3
 Gell's Gravitas          Tloc           19%        N/A       6%          3
 Lesser Beckoning         Tloc           19%        N/A       6%          3
 Teleport Other           Tloc           39%        N/A       6%          3
 Sticky Flame             Conj/Fire      43%        2d6       14%         4
 Animate Dead             Necr           19%        N/A       21%         4
 Fulminant Prism          Conj/Hex       20%        3d13      21%         4
 Iskenderun's Mystic Bla  Conj/Tloc      40%        2d9       21%         4
 Petrify                  Tmut/Erth      39%        N/A       21%         4
 Borgnjor's Vile Clutch   Necr/Erth      19%        N/A       50%         5
 Manifold Assault         Tloc           39%        N/A       50%         5
 Metabolic Englaciation   Hex/Ice        19%        N/A       50%         5
 Yara's Violent Unravell  Hex/Tmut       19%        3d9       50%         5
 Starburst                Conj/Fire      21%        8x6d7     89%         6
 Death Channel            Necr           19%        N/A       96%         6
 Simulacrum               Ice/Necr       19%        N/A       96%         6


Dungeon Overview and Level Annotations

Branches:
Dungeon (1/1)

Altars:
Ashenzari
Cheibriados
Dithmenos
Elyvilon
Fedhas
Gozag
Hepliaklqana
Kikubaaqudgha
Makhleb
Nemelex Xobeh
Okawaru
Qazlal
Ru
Sif Muna
Trog
Uskayaw
Vehumet
Wu Jian
Xom
Yredelemnul
Zin
The Shining One
Beogh
Jiyva
Lugonu

Annotations:
D 1 transporter


Innate Abilities, Weirdness & Mutations

You have very sharp teeth.
Your uncanny sense of smell can sniff out nearby items.
Your experience applies equally to all skills.


Message History

You barely miss the spriggan rider. You block the spriggan rider's attack.
GONNNNG!
You block the wolf's attack.
PTOANNNG!
You block the spriggan rider's attack.
GONNNNG!
You block the wolf's attack.
PANG!
You block the spriggan rider's attack.
SHROANNG!
The spriggan rider hits you with a +0 spear!
You slash the spriggan rider!
The spriggan rider is moderately wounded.
You block the wolf's attack.
GONNNNG!
You block the wolf's attack.
PTOANNNG!
The spriggan rider hits you from afar with a +0 spear!
You block the spriggan rider's attack.
GONNNNG!
You block the wolf's attack.
GONNNNG!
The wolf bites you. You block the spriggan rider's attack.
SHROANNG!
The spriggan rider hits you with a +0 spear.
The black bear bites you but does no damage.
The black bear claws you but does no damage. x2
You miss the spriggan rider.
The spriggan rider is moderately wounded.
You block the wolf's attack.
SHROANNG!
You block the wolf's attack.
SHROANNG!
The spriggan rider hits you from afar with a +0 spear.
* * * LOW HITPOINT WARNING * * *
The spriggan rider hits you with a +0 spear!
* * * LOW HITPOINT WARNING * * *
The wolf bites you but does no damage.
The spriggan rider hits you with a +1 quarterstaff of holy wrath!!
You die...

▓....©....▓...©...▓
▓▓▓▓▓▓▓▓▓▓▓▓▓▓▓▓▓▓▓
▓...8©8...▓ ∆∆∆∆∆
▓..}}|.)..▓ ∆∆∆∆∆
▓...=}):..▓
▓.........▓
▓...ih....▓
▓...hii...▓
▓...h@ii..▓
▓.▓...h.▓.▓
▓....©....▓
▓▓▓▓▓▓▓▓▓▓▓ ∆∆
∆∆∆∆∆∆∆∆∆ ∆∆∆∆∆∆∆∆
∆∆∆ ∆∆ ∆∆∆∆∆∆∆∆∆


You could see 4 spriggan riders, 2 black bears, a spriggan and 2 wolves.

Vanquished Creatures
  6 two-headed ogres (D)
  2 hell hogs (D)
  A cyclops (D)
  An eye of devastation (D)
  An efreet (D)
  A tarantella (D)
  A fire elemental (D)
  3 hell hounds (D)
  A floating eye (D)
  An ogre (D)
  A necrophage (D)
  A wolf (D)
  3 scorpions (D)
  A wight (D)
  2 quasits (D)
  4 jellies (D)
  2 iron imps (D)
  An iguana (D)
  A river rat (D)
  An ufetubus (D)
  An adder zombie (D)
  3 bat skeletons (D)
  An endoplasm (D)
  A ball python skeleton (D)
  2 ball python zombies (D)
  A quokka skeleton (D)
  A fire vortex (D)
45 creatures vanquished.

Notes
Turn   | Place    | Note
-------+----------+-------------------------------------------
     0 | D        | howech the Gnoll Fire Elementalist began the quest for the
                  | Orb.
     0 | D        | Reached XP level 1. HP: 13/13 MP: 6/6
    13 | D        | Found a blossoming altar of Fedhas.
    14 | D        | Found the +6 Majin-Bo {vamp, MP+6 Int+6}
    14 | D        | Found the +9 heavy crossbow "Sniper" {vorpal, Acc+∞ SInv}
    14 | D        | Found the +10 dark maul {vorpal}
    14 | D        | Found the +15 Maxwell's patent armour {-Cast -Tele rElec
                  | Will+ rCorr}
    14 | D        | Found the +18 shield of the Gong {rElec rN+ Will+ EV-5}
    14 | D        | Found the +14 obsidian axe {vorpal, *Drain +Fly SInv}
    14 | D        | Found the +7 great mace "Firestarter" {inner flame, rF++}
    14 | D        | Found the +6 shillelagh "Devastator" {shatter}
    14 | D        | Found the +11 plutonium sword {*Contam Stlth-}
    14 | D        | Found the +8 lance "Wyrmbane" {slay drac, rPois rF+ rC+
                  | AC+3}
    14 | D        | Found the +9 sword of Zonguldrok {reap}
    14 | D        | Found the +13 scythe of Curses {drain, *Drain}
    14 | D        | Found the +5 sword of Power {vorpal}
    14 | D        | Found the +7 mace of Variability {chain chaos}
    14 | D        | Found the +7 Singing Sword {vorpal, sonic wave}
    14 | D        | Found the +8 storm bow {elec, penet}
    14 | D        | Found a transporter.
    14 | D        | Found a viscous altar of Jiyva.
    14 | D        | Found an ancient bone altar of Kikubaaqudgha.
    14 | D        | Found a hazy altar of Hepliaklqana.
    14 | D        | Found a corrupted altar of Lugonu.
    14 | D        | Found an opulent altar of Gozag.
    14 | D        | Found a burning altar of Makhleb.
    15 | D        | Found a sacrificial altar of Ru.
    15 | D        | Found a stormy altar of Qazlal.
    15 | D        | Found a shimmering blue altar of Sif Muna.
    15 | D        | Found an iron altar of Okawaru.
    15 | D        | Found a bloodstained altar of Trog.
    15 | D        | Found a sparkling altar of Nemelex Xobeh.
    53 | D        | Became a worshipper of Warmaster Okawaru
    63 | D        | Entered arena 2.
    63 | D        | Noticed a quasit
    63 | D        | Found a transporter.
    67 | D        | Killed a quasit
    68 | D        | Reached skill level 2 in Long Blades
    68 | D        | Reached skill level 5 in Dodging
    68 | D        | Reached skill level 5 in Spellcasting
    68 | D        | Reached skill level 1 in Hexes
    68 | D        | Reached skill level 1 in Summonings
    68 | D        | Reached skill level 1 in Necromancy
    68 | D        | Reached skill level 1 in Translocations
    68 | D        | Reached skill level 1 in Transmutations
    68 | D        | Reached skill level 1 in Ice Magic
    68 | D        | Reached skill level 1 in Air Magic
    68 | D        | Reached skill level 1 in Earth Magic
    68 | D        | Reached skill level 1 in Poison Magic
    68 | D        | Reached XP level 2. HP: 19/22 MP: 8/8
    68 | D        | Reached XP level 3. HP: 24/27 MP: 9/9
    74 | D        | Entered arena 3.
    74 | D        | Noticed a wolf
    74 | D        | Found a transporter.
    78 | D        | Reached XP level 4. HP: 31/34 MP: 9/11
    78 | D        | Killed a wolf
    78 | D        | Reached * piety under Okawaru
    79 | D        | Reached skill level 3 in Long Blades
    79 | D        | Reached skill level 5 in Stealth
    79 | D        | Reached XP level 5. HP: 38/41 MP: 9/13
    95 | D        | Entered arena 4.
    95 | D        | Noticed a tarantella
    95 | D        | Found a transporter.
   102 | D        | Reached skill level 4 in Long Blades
   107 | D        | Killed a tarantella
   107 | D        | Reached ** piety under Okawaru
   108 | D        | Reached skill level 5 in Fighting
   108 | D        | Reached skill level 5 in Short Blades
   108 | D        | Reached skill level 5 in Long Blades
   108 | D        | Reached skill level 5 in Axes
   108 | D        | Reached skill level 5 in Maces & Flails
   108 | D        | Reached skill level 5 in Polearms
   108 | D        | Reached skill level 5 in Staves
   108 | D        | Reached skill level 5 in Slings
   108 | D        | Reached skill level 5 in Bows
   108 | D        | Reached skill level 5 in Crossbows
   108 | D        | Reached skill level 5 in Throwing
   108 | D        | Reached skill level 5 in Armour
   108 | D        | Reached skill level 5 in Shields
   108 | D        | Reached skill level 5 in Unarmed Combat
   108 | D        | Reached skill level 5 in Invocations
   108 | D        | Reached skill level 5 in Evocations
   108 | D        | Reached XP level 6. HP: 3/51 MP: 14/16
   108 | D        | Reached XP level 7. HP: 4/56 MP: 14/17
   119 | D        | Got the +9 halberd "Ziov" {venom, Int+4 Dex+2}
   337 | D        | Entered arena 5.
   337 | D        | Found a transporter.
   341 | D        | Reached skill level 5 in Conjurations
   341 | D        | Reached *** piety under Okawaru
   353 | D        | Entered arena 6.
   353 | D        | Found a transporter.
   361 | D        | Reached skill level 6 in Long Blades
   365 | D        | Got the +8 rapier of Offence {freeze, rPois Int+3}
   368 | D        | Got the ring "Bor Jak" {Will+ Str+6}
   373 | D        | Entered arena 7.
   373 | D        | Noticed a fire elemental
   373 | D        | Noticed a hell hog
   373 | D        | Noticed an efreet
   373 | D        | Noticed a hell hog
   375 | D        | Found a transporter.
   378 | D        | Killed an efreet
   379 | D        | Reached skill level 7 in Long Blades
   379 | D        | Reached skill level 5 in Hexes
   379 | D        | Reached skill level 5 in Summonings
   379 | D        | Reached skill level 5 in Necromancy
   379 | D        | Reached skill level 5 in Translocations
   379 | D        | Reached skill level 5 in Transmutations
   379 | D        | Reached skill level 5 in Ice Magic
   379 | D        | Reached skill level 5 in Air Magic
   379 | D        | Reached skill level 5 in Earth Magic
   379 | D        | Reached skill level 5 in Poison Magic
   379 | D        | Reached XP level 8. HP: 65/65 MP: 17/20
   379 | D        | Reached **** piety under Okawaru
   380 | D        | Killed a hell hog
   381 | D        | Reached skill level 8 in Long Blades
   381 | D        | Reached XP level 9. HP: 72/72 MP: 18/21
   383 | D        | Killed a hell hog
   383 | D        | Reached ***** piety under Okawaru
   383 | D        | Received a gift from Okawaru
   384 | D        | Reached skill level 9 in Long Blades
   409 | D        | Learned a level 5 spell: Fireball
   531 | D        | Entered arena 8.
   532 | D        | Found a transporter.
   555 | D        | Entered arena 9.
   555 | D        | Noticed an eye of devastation
   556 | D        | Found a transporter.
   559 | D        | Paralysed by a floating eye for 2 turns
   569 | D        | Killed an eye of devastation
   570 | D        | Reached skill level 10 in Long Blades
   578 | D        | Got the ring "Rutiwn" {*Contam rPois Dex+4}
   593 | D        | Learned a level 8 spell: Ignition
   867 | D        | Entered arena 10.
   867 | D        | Noticed a two-headed ogre
   867 | D        | Noticed a two-headed ogre
   867 | D        | Noticed a cyclops
   867 | D        | Noticed a two-headed ogre
   867 | D        | Noticed a two-headed ogre
   867 | D        | Noticed a two-headed ogre
   867 | D        | Noticed a two-headed ogre
   868 | D        | Found the -2 hat of the Alchemist {rElec rPois rF+ rC+ rN+
                  | Will+ rMut rCorr}
   868 | D        | Found the +10 morningstar "Eos" {elec, Halo rElec}
   868 | D        | Found a transporter.
   877 | D        | Killed a two-headed ogre
   877 | D        | Received a gift from Okawaru
   878 | D        | Reached XP level 10. HP: 43/82 MP: 21/23
   884 | D        | Killed a two-headed ogre
   884 | D        | Killed a two-headed ogre
   884 | D        | Identified the +4 shortbow of Bile {flame, rPois Int+4}
                  | (Okawaru gifted it to you in the Dungeon)
   884 | D        | Received a gift from Okawaru
   885 | D        | Reached skill level 11 in Long Blades
   885 | D        | Reached skill level 10 in Dodging
   885 | D        | Reached skill level 10 in Stealth
   885 | D        | Reached skill level 10 in Spellcasting
   886 | D        | Killed a cyclops
   887 | D        | Reached skill level 10 in Invocations
   887 | D        | Killed a two-headed ogre
   887 | D        | Reached ****** piety under Okawaru
   887 | D        | Killed a two-headed ogre
   888 | D        | Reached skill level 12 in Long Blades
   888 | D        | Reached XP level 11. HP: 45/89 MP: 23/25
   892 | D        | Killed a two-headed ogre
   892 | D        | Received a gift from Okawaru
  1117 | D        | Entered arena 11.
  1117 | D        | Noticed a spriggan rider
  1117 | D        | Noticed a spriggan rider
  1117 | D        | Noticed a spriggan rider
  1117 | D        | Noticed a spriggan rider
  1118 | D        | Identified the +3 hunting sling of Hepliaklqana's Esteem
                  | {vorpal, rF+ Dex+5 Stlth+}
  1119 | D        | Found a transporter.
  1125 | D        | Slain by a spriggan rider

Illustrated notes

Levels and vault maps discovered:
D:        sprint_v [room_start, room_1, room_2, room_3, room_4, room_5, room_6,
          room_7, room_8, room_9, room_10, room_11, room_12, room_13, room_14,
          room_15, room_16, room_17, room_18, room_19, room_20, room_21,
          room_22, room_23, room_24, room_25, room_26, room_27]

Skill      XL: |  1  2  3  4  5  6  7  8  9 10 |
---------------+-------------------------------+-----
Fighting       | 2 3 5 6 7 8 9 |  9.8
Short Blades   | 2 3 5 6 7 8 9 |  9.8
Long Blades    | 2 3 5 7 8 10 12 | 12.3
Axes           | 2 3 5 6 7 8 9 |  9.8
Maces & Flails | 2 3 5 6 7 8 9 |  9.8
Polearms       | 2 3 5 6 7 8 9 |  9.8
Staves         | 2 3 5 6 7 8 9 |  9.8
Slings         | 2 3 5 6 7 8 9 |  9.8
Bows           | 2 3 5 6 7 8 9 |  9.8
Crossbows      | 2 3 5 6 7 8 9 |  9.8
Throwing       | 2 3 5 6 7 8 9 |  9.8
Armour         | 2 3 5 6 7 8 9 |  9.8
Dodging        | 5 7 8 9 10 | 10.8
Shields        | 2 3 5 6 7 8 9 |  9.8
Unarmed Combat | 2 3 5 6 7 8 9 |  9.8
Spellcasting   | 5 6 7 8 9 10 | 10.9
Conjurations   | 2 3 4 5 6 7 8 |  8.5
Hexes          | 1 2 4 5 6 7 8 |  8.2
Summonings     | 1 2 4 5 6 7 8 |  8.2
Necromancy     | 1 2 4 5 6 7 8 |  8.2
Translocations | 1 2 4 5 6 7 8 |  8.2
Transmutations | 1 2 4 5 6 7 8 |  8.2
Ice Magic      | 1 2 4 5 6 7 8 |  8.2
Air Magic      | 1 2 4 5 6 7 8 |  8.2
Earth Magic    | 1 2 4 5 6 7 8 |  8.2
Poison Magic   | 1 2 4 5 6 7 8 |  8.2
Invocations    | 2 3 5 7 9 10 | 10.6
Evocations     | 2 3 5 6 7 8 9 |  9.8
Stealth        | 5 6 7 8 9 10 | 10.6
Fire Magic     | 6 7 8 9 |  9.9

Action                   |  1- 3 |  4- 6 |  7- 9 | 10-12 || total
-------------------------+-------+-------+-------+-------++-------
Melee: Double sword      |     3 |     8 |    36 |    16 ||    63
       Bite              |       |       |     3 |     1 ||     4
Invok: Heroism           |       |       |     4 |       ||     4
  Use: Potion            |     1 |     1 |     3 |     4 ||     9
 Stab: Invisible         |     1 |     1 |       |       ||     2
       Sleeping          |     1 |       |       |       ||     1
Armor: Fire dragon scale |     5 |     9 |    24 |    11 ||    49
Dodge: Dodged            |       |       |     4 |     5 ||     9
Block: Kite shield       |     7 |    16 |    61 |    50 ||   134
       Rpst.: Double sword |       |       |       |     1 ||     1

Table legend: (Time is in decaauts)
 A = Elapsed time spent in this place.
 B = Non-inter-level travel time spent in this place.
 C = Inter-level travel time spent in this place.
 D = Time resting spent in this place.
 E = Time spent auto-exploring this place.
 F = Levels seen in this place.
 G = Mean time per level.
                   A        B        C        D        E       F      G
               +--------+--------+--------+--------+--------+-----+--------+
         Total |   1136 |   1136 |      0 |    772 |      0 |   1 | 1136.0 |
       Dungeon |   1136 |   1136 |      0 |    772 |      0 |   1 | 1136.0 |
               +--------+--------+--------+--------+--------+-----+--------+

Top non-repeatable levels by time:
       D: 1136 daAuts
